 Dungeon Crawl Stone Soup version 0.23.0 (webtiles) character file.

Game seed: 11388914319863482455

5724 Dysjunc the Fighter (level 10, -9/82 HPs)
             Began as a Gnoll Wanderer on Feb 17, 2019.
             Was a Plaything of Xom.
             Mangled by a komodo dragon (27 damage)
             ... on level 9 of the Dungeon on Feb 18, 2019.
             The game lasted 00:35:02 (10673 turns).

Dysjunc the Fighter (Gnoll Wanderer)               Turns: 10673, Time: 00:35:03

Health: -9/82      AC:  9    Str: 15    XL:     10   Next: 77%
Magic:  13/18      EV: 16    Int: 22    God:    Xom [..*...]
Gold:   628        SH:  0    Dex: 17    Spells: 8/20 levels left

rFire    + . .     SeeInvis .   r - +7 spear of Hacking and Slashing {flame, rElec Str+2 Stlth-}
rCold    . . .     Gourm    .   (no shield)
rNeg     . . .     Faith    .   x - +2 robe {Archmagi}
rPois    .         Spirit   .   (no helmet)
rElec    +         Reflect  .   R - +0 cloak
rCorr    .         Harm     .   o - +1 pair of gloves
MR       .....                  q - +0 pair of boots
Stlth    ++........             (no amulet)
HPRegen  0.23/turn              J - ring of protection from fire
MPRegen  0.16/turn              A - +4 ring of strength

@: brilliant
A: distributed training, fangs 1, clumsy 1, weak 1, strong nose
a: Renounce Religion


You were on level 9 of the Dungeon.
You worshipped Xom.
You were a toy of Xom.
You were hungry.

You visited 1 branch of the dungeon, and saw 9 of its levels.
You also visited: Sewer and Ossuary.

You collected 628 gold pieces.

Inventory:

Hand Weapons
 b - a +2 blowgun
 d - a +0 hand axe
 e - a +2 dagger of protection
 l - a +2 hunting sling of freezing
 r - the +7 spear of Hacking and Slashing (weapon) {flame, rElec Str+2 Stlth-}
   (You found it on level 4 of the Dungeon)

   It has been specially enchanted to burn those struck by it, causing extra
   injury to most foes and up to half again as much damage against particularly
   susceptible opponents.
   It affects your strength (+2).
   It insulates you from electricity.
   It makes you less stealthy.
 u - a +2 short sword of flaming
Missiles
 a - 7 curare-tipped needles
 h - 73 arrows
 m - 237 stones (quivered)
 v - 13 poisoned needles
Armour
 c - a +0 ring mail
 g - a +0 ring mail
 o - a +1 pair of gloves (worn)
 q - a +0 pair of boots (worn)
 s - a +0 chain mail
 x - a +2 robe of the Archmagi (worn)
 O - a +2 cloak of poison resistance
 R - a +0 cloak (worn)
Jewellery
 i - an uncursed ring of wizardry
 n - a +2 ring of intelligence
 z - an uncursed ring of protection from fire
 A - a +4 ring of strength (right hand)
 I - a +2 ring of evasion
 J - a ring of protection from fire (left hand)
 Q - an uncursed ring of magical power {unknown}
Wands
 k - a wand of polymorph (8)
 y - a wand of enslavement (1)
 K - a wand of iceblast (12)
 N - a wand of clouds (7)
 P - a wand of flame (30)
Scrolls
 j - a scroll of fog
 t - 2 scrolls of remove curse
 E - 4 scrolls of teleportation
 L - a scroll of magic mapping
Potions
 w - 2 potions of curing
 B - a potion of haste
 C - a potion of might
 D - a potion of invisibility
 F - 2 potions of mutation
 G - a potion of magic {unknown}
 H - 3 potions of brilliance {unknown}
 M - a potion of cancellation
 S - 2 potions of lignification {unknown}
Comestibles
 f - 13 rations


   Skills:
 + Level 8.6 Fighting
 + Level 5.5 Short Blades
 + Level 5.5 Long Blades
 + Level 7.2 Axes
 + Level 5.5 Maces & Flails
 + Level 6.1 Polearms
 + Level 5.5 Staves
 + Level 5.5 Slings
 + Level 5.5 Bows
 + Level 5.5 Crossbows
 + Level 6.1 Throwing
 + Level 7.2 Armour
 + Level 5.5 Dodging
 + Level 5.5 Stealth
 + Level 5.5 Shields
 + Level 5.5 Unarmed Combat
 + Level 5.5 Spellcasting
 + Level 4.5 Conjurations
 + Level 4.5 Hexes
 + Level 4.5 Charms
 + Level 4.5 Summonings
 + Level 4.5 Necromancy
 + Level 4.5 Translocations
 + Level 4.5 Transmutations
 + Level 4.5 Fire Magic
 + Level 4.5 Ice Magic
 + Level 4.5 Air Magic
 + Level 4.5 Earth Magic
 + Level 4.5 Poison Magic
 + Level 6.0 Invocations
 + Level 6.1 Evocations


You had 8 spell levels left.
You knew the following spells:

 Your Spells              Type           Power        Failure   Level  Hunger
a - Corona                Hex            ######.      1%          1    None
c - Tukima's Dance        Hex            ######..     1%          3    ##.....
s - Confuse               Hex            ######..     1%          3    ##.....
x - Dazzling Spray        Conj/Hex       ######       1%          3    ##.....
z - Ensorcelled Hibernat  Hex/Ice        ######       1%          2    None

Your spell library contained the following spells:

 Spells                   Type           Power        Failure   Level  Hunger


Dungeon Overview and Level Annotations

Branches:
Dungeon (9/15)             Temple (0/1) D:6
   Lair: D:8-11         Orc: D:9-12

Altars:
Dithmenos
Elyvilon
Kikubaaqudgha
Nemelex Xobeh
Okawaru
Xom
The Shining One

Shops:
D:4 [   D:5 !


Innate Abilities, Weirdness & Mutations

Your experience applies equally to all skills.
You have very sharp teeth.
Your uncanny sense of smell can sniff out nearby items.
You are clumsy. (Dex -2)
You are weak. (Str -2)


Message History

You puncture the komodo dragon! You burn the komodo dragon.
The komodo dragon is severely wounded.
The porcupine barely misses you. The hound skeleton closely misses you.
The komodo dragon misses you. The crocodile bites you.
You barely miss the komodo dragon. You punch the komodo dragon.
The komodo dragon is severely wounded.
The porcupine bites you!
The hound skeleton bites you but does no damage.
Your +2 flail of protection hits the orc.
The phantom hits you!
The phantom blinks!
The komodo dragon bites you!!
* * * LOW HITPOINT WARNING * * *
A shower of butterflies erupts from you!
The orc barely misses your +2 flail of protection.
The crocodile completely misses you. The porcupine misses you.
The hound skeleton closely misses you.
The phantom blinks!
The orc hits your +2 flail of protection.
The komodo dragon bites you!!
You die...
Xom chuckles heartily!

.a,, ∆ .... .$.# ,
....... ....., *
##.#,....
a....>####..#.....
............#.....
.#######§........#
#.br....#
#.tlO.(.#
*#.b@bo?.#
#(W..Z.b....
##......####
#...=..# #......#
#......# ########


You could see a two-headed ogre, a komodo dragon, a phantom, a crocodile, a
porcupine, an orc, a hound skeleton and a friendly +2 flail of protection.

Vanquished Creatures
  Pikel (D:7)
  Maurice (D:7)
  3 hornets
  Sigmund (D:4)
  A human (D:7)
  Grum (D:8)
  4 hogs (D:7)
  Menkaure (D:6)
  A water moccasin (D:5)
  A porcupine (D:8)
  An orc warrior (D:7)
  A sky beast (D:7)
  5 ogres
  3 ice beasts
  2 phantoms (D:8)
  3 wolves
  A centaur (D:8)
  4 bullfrogs
  2 scorpions
  A water moccasin skeleton (D:7)
  A wyvern skeleton (D:6)
  3 killer bees
  4 wights (D:8)
  A howler monkey (D:5)
  2 crimson imps
  A centaur zombie (D:7)
  4 hounds
  An iguana (D:6)
  Jessica (D:2)
  7 orc wizards
  A worker ant (D:2)
  A hound skeleton (D:8)
  8 mummies (Ossuary)
  A howler monkey skeleton (D:5)
  6 adders
  A river rat (D:6)
  A shadow imp (D:6)
  3 oozes
  An adder zombie (D:5)
  5 worms
  4 dart slugs
  4 leopard geckos
  18 orcs
  6 ball pythons
  3 giant cockroaches
  2 gnoll zombies (Ossuary)
  6 goblins
  5 hobgoblins
  9 jackals
  14 kobolds
  4 quokkas
  13 bats
  9 frilled lizards
  3 hobgoblin zombies (Ossuary)
  A kobold zombie (Ossuary)
  2 orc zombies (Ossuary)
  11 rats
  6 plants (Sewer)
211 creatures vanquished.

Vanquished Creatures (collateral kills)
  An orc (D:9)
1 creature vanquished.

Vanquished Creatures (others)
  A dancing weapon (D:7)
  3 slaves (D:7)
  A centaur (D:7)
  A bullfrog (D:7)
  A bullfrog zombie (D:7)
  3 orcs (D:7)
  A plant (Sewer)
11 creatures vanquished.

Grand Total: 223 creatures vanquished

Notes
Turn   | Place    | Note
-------+----------+-------------------------------------------
     0 | D:1      | Dysjunc the Gnoll Wanderer began the quest for the Orb.
     0 | D:1      | Dysjunc set off with the following items: 4 curare-tipped
                  | needles, a +2 blowgun, a +0 ring mail, a +0 hand axe, a
                  | ration
     0 | D:1      | Reached XP level 1. HP: 23/23 MP: 2/2
    36 | D:1      | Reached XP level 2. HP: 27/29 MP: 3/3
   215 | D:1      | Reached XP level 3. HP: 34/35 MP: 4/4
   606 | D:2      | Reached skill level 1 in Invocations
   615 | D:2      | Reached skill level 1 in Short Blades
   615 | D:2      | Reached skill level 1 in Long Blades
   615 | D:2      | Reached skill level 1 in Maces & Flails
   615 | D:2      | Reached skill level 1 in Staves
   615 | D:2      | Reached skill level 1 in Slings
   615 | D:2      | Reached skill level 1 in Bows
   615 | D:2      | Reached skill level 1 in Crossbows
   615 | D:2      | Reached skill level 1 in Dodging
   615 | D:2      | Reached skill level 1 in Stealth
   615 | D:2      | Reached skill level 1 in Shields
   615 | D:2      | Reached skill level 1 in Unarmed Combat
   615 | D:2      | Reached skill level 1 in Spellcasting
   615 | D:2      | Reached XP level 4. HP: 13/41 MP: 4/6
   949 | D:2      | Noticed Jessica
   972 | D:2      | Killed Jessica
   972 | D:2      | Reached skill level 1 in Conjurations
   972 | D:2      | Reached skill level 1 in Hexes
   972 | D:2      | Reached skill level 1 in Charms
   972 | D:2      | Reached skill level 1 in Summonings
   972 | D:2      | Reached skill level 1 in Necromancy
   972 | D:2      | Reached skill level 1 in Translocations
   972 | D:2      | Reached skill level 1 in Transmutations
   972 | D:2      | Reached skill level 1 in Fire Magic
   972 | D:2      | Reached skill level 1 in Ice Magic
   972 | D:2      | Reached skill level 1 in Air Magic
   972 | D:2      | Reached skill level 1 in Earth Magic
   972 | D:2      | Reached skill level 1 in Poison Magic
  1526 | D:2      | Found a white marble altar of Elyvilon.
  1727 | D:3      | Reached XP level 5. HP: 47/47 MP: 7/7
  2441 | D:4      | Noticed an ogre
  2466 | D:4      | Noticed a hornet
  2704 | D:4      | Killed an ogre
  2704 | D:4      | Reached XP level 6. HP: 46/53 MP: 8/8
  2706 | D:4      | Paralysed by a hornet for 2 turns
  3114 | D:4      | Noticed Sigmund
  3169 | D:4      | Killed Sigmund
  3169 | D:4      | Reached skill level 5 in Axes
  3169 | D:4      | Reached skill level 5 in Armour
  3209 | D:4      | Reached XP level 7. HP: 51/59 MP: 10/10
  3380 | D:4      | Got a faintly glowing spear
  3381 | D:4      | Identified the +7 spear of Hacking and Slashing {flame,
                  | rElec Str+2 Stlth-} (You found it on level 4 of the
                  | Dungeon)
  3469 | D:4      | Found Fannuh's Antique Armour Shoppe.
  3526 | D:4      | Killed a hornet
  3526 | D:4      | Reached skill level 7 in Fighting
  3962 | D:5      | Entered Level 5 of the Dungeon
  4217 | D:5      | Reached XP level 8. HP: 64/67 MP: 12/12
  4291 | D:5      | Found a sand-covered staircase.
  4297 | Ossuary  | Entered an ossuary
  4794 | D:5      | Found Imatis's Distillery.
  4934 | D:6      | Found a staircase to the Ecumenical Temple.
  5192 | D:6      | Found a glowing drain.
  5196 | Sewer    | Entered a sewer
  6255 | D:6      | Noticed Menkaure
  6281 | D:6      | Killed Menkaure
  6484 | D:6      | Found a shimmering altar of Xom.
  6524 | D:6      | Became a worshipper of Xom of Chaos
  6540 | D:6      | XOM: silly message
  6640 | D:6      | Reached XP level 9. HP: 72/72 MP: 14/14
  6649 | D:6      | XOM: divination: detect creatures
  6657 | D:6      | Found a sparkling altar of Nemelex Xobeh.
  6690 | D:6      | XOM: god gift: scroll labeled POANOT OFYDDU {god gift}
  6692 | D:6      | Identified a scroll of acquirement
  6893 | D:6      | Learned a level 2 spell: Ensorcelled Hibernation
  6897 | D:6      | Learned a level 3 spell: Dazzling Spray
  6901 | D:6      | Learned a level 3 spell: Tukima's Dance
  6905 | D:6      | Learned a level 3 spell: Confuse
  6907 | D:6      | Learned a level 1 spell: Corona
  7076 | D:6      | XOM: harmless Tmut miscast
  7191 | D:7      | XOM: harmless Ice miscast
  7218 | D:7      | Found an ancient bone altar of Kikubaaqudgha.
  7293 | D:7      | XOM: blink monster(s)
  7294 | D:7      | Noticed Pikel
  7301 | D:7      | Killed Pikel
  7301 | D:7      | Reached skill level 5 in Polearms
  7301 | D:7      | Reached skill level 5 in Throwing
  7301 | D:7      | Reached skill level 5 in Evocations
  7398 | D:7      | XOM is BORED!
  7398 | D:7      | XOM: mild Tloc miscast
  7479 | D:7      | XOM: give mutations
  7479 | D:7      | Gained mutation: You are clumsy. (Dex -2) [Xom's mischief]
  7479 | D:7      | Gained mutation: You are weak. (Str -2) [Xom's mischief]
  7691 | D:7      | Reached skill level 8 in Fighting
  7701 | D:7      | XOM: potion effect (invisibility)
  7705 | D:7      | Reached skill level 5 in Invocations
  7710 | D:7      | XOM: potion effect (might)
  7718 | D:7      | Reached XP level 10. HP: 38/80 MP: 15/17
  7995 | D:7      | Found a glowing golden altar of the Shining One.
  8002 | D:7      | XOM: harmless Tloc miscast
  8050 | D:7      | XOM: harmless Air miscast
  8083 | D:7      | XOM: smoke on damage
  8083 | D:7      | Paralysed by a hornet for 1 turns
  8447 | D:7      | XOM: cloud trail
  8636 | D:7      | XOM: divination: detect creatures
  8722 | D:7      | XOM: divination: detect creatures
  8774 | D:7      | Reached skill level 5 in Short Blades
  8774 | D:7      | Reached skill level 5 in Long Blades
  8774 | D:7      | Reached skill level 5 in Maces & Flails
  8774 | D:7      | Reached skill level 5 in Staves
  8774 | D:7      | Reached skill level 5 in Slings
  8774 | D:7      | Reached skill level 5 in Bows
  8774 | D:7      | Reached skill level 5 in Crossbows
  8774 | D:7      | Reached skill level 5 in Dodging
  8774 | D:7      | Reached skill level 5 in Stealth
  8774 | D:7      | Reached skill level 5 in Shields
  8774 | D:7      | Reached skill level 5 in Unarmed Combat
  8774 | D:7      | Reached skill level 5 in Spellcasting
  8851 | D:7      | Found a shadowy altar of Dithmenos.
  8856 | D:7      | XOM: silly message
  8973 | D:8      | Found a shadowy altar of Dithmenos.
  9000 | D:8      | Noticed Grum
  9000 | D:8      | Noticed Maurice
  9004 | D:8      | XOM: divination: detect creatures
  9168 | D:9      | XOM: divination: magic mapping
  9210 | D:7      | XOM: silly message
  9491 | D:7      | XOM: confuse monster(s)
  9516 | D:7      | XOM: harmless Necr miscast
  9520 | D:7      | Killed Maurice
  9635 | D:8      | XOM: cast spell 'Olgreb's Toxic Radiance'
  9638 | D:8      | XOM: potion effect (agility)
  9641 | D:8      | Killed Grum
  9751 | D:8      | XOM: cloud trail
  9795 | D:8      | Found an iron altar of Okawaru.
  9863 | D:8      | XOM: silly message
  9968 | D:8      | XOM: potion effect (haste)
 10135 | D:8      | Paralysed by a hornet for 3 turns
 10140 | D:8      | XOM: smoke on damage
 10148 | D:8      | XOM: potion effect (brilliance)
 10454 | D:8      | Noticed a gargoyle
 10458 | D:8      | Noticed a centaur warrior
 10541 | D:8      | XOM: harmless Air miscast
 10662 | D:9      | Noticed a two-headed ogre
 10670 | D:9      | XOM: potion effect (brilliance)
 10672 | D:9      | XOM: butterfly on damage
 10673 | D:9      | Mangled by a komodo dragon

Skill      XL: |  1  2  3  4  5  6  7  8  9 10 |
---------------+-------------------------------+-----
Invocations    | 1 2 3 4 5 6 |  6.0
Short Blades   | 1 2 3 4 5 |  5.5
Long Blades    | 1 2 3 4 5 |  5.5
Maces & Flails | 1 2 3 4 5 |  5.5
Staves         | 1 2 3 4 5 |  5.5
Slings         | 1 2 3 4 5 |  5.5
Bows           | 1 2 3 4 5 |  5.5
Crossbows      | 1 2 3 4 5 |  5.5
Dodging        | 1 2 3 4 5 |  5.5
Stealth        | 1 2 3 4 5 |  5.5
Shields        | 1 2 3 4 5 |  5.5
Unarmed Combat | 1 2 3 4 5 |  5.5
Spellcasting   | 1 2 3 4 5 |  5.5
Conjurations   | 1 2 3 4 |  4.5
Hexes          | 1 2 3 4 |  4.5
Charms         | 1 2 3 4 |  4.5
Summonings     | 1 2 3 4 |  4.5
Necromancy     | 1 2 3 4 |  4.5
Translocations | 1 2 3 4 |  4.5
Transmutations | 1 2 3 4 |  4.5
Fire Magic     | 1 2 3 4 |  4.5
Ice Magic      | 1 2 3 4 |  4.5
Air Magic      | 1 2 3 4 |  4.5
Earth Magic    | 1 2 3 4 |  4.5
Poison Magic   | 1 2 3 4 |  4.5
Polearms       | 3 4 5 6 |  6.1
Throwing       | 3 4 5 6 |  6.1
Evocations     | 3 4 5 6 |  6.1
Axes           | 5 6 7 |  7.2
Armour         | 5 6 7 |  7.2
Fighting       | 7 8 |  8.6

Action                   |  1- 3 |  4- 6 |  7- 9 | 10-12 || total
-------------------------+-------+-------+-------+-------++-------
Melee: Hand axe          |    94 |    50 |       |       ||   144
       Bite              |     9 |    28 |    60 |    13 ||   110
       Punch             |     1 |     3 |     2 |     6 ||    12
       Dagger            |       |   190 |    12 |       ||   202
       Spear             |       |       |   390 |   167 ||   557
 Cast: Ensorcelled Hiber |       |       |     4 |     8 ||    12
       Dazzling Spray    |       |       |     2 |     6 ||     8
       Tukima's Dance    |       |       |     2 |     3 ||     5
       Corona            |       |       |     1 |       ||     1
Evoke: Wand              |       |       |     1 |    29 ||    30
  Use: Scroll            |       |     7 |    12 |       ||    19
       Potion            |       |     6 |     5 |     8 ||    19
 Stab: Sleeping          |       |     2 |     2 |     7 ||    11
       Invisible         |       |     1 |     2 |     3 ||     6
  Eat: Ration            |       |     2 |     3 |     2 ||     7
       Chunk             |       |     1 |     8 |       ||     9
Armor: Ring mail         |    40 |    60 |       |       ||   100
       Chain mail        |       |    72 |   131 |       ||   203
       Robe              |       |       |    26 |    76 ||   102
Dodge: Dodged            |    74 |    79 |   147 |   175 ||   475
